 Dungeon Crawl Stone Soup version 0.31-a0-455-g1a7b003ef0 (webtiles) character file.

Game seed: 17253230736528241162

3794 kae the Mimic (level 9, -1/68 HPs)
             Began as a Red Draconian Shapeshifter on Aug 3, 2023.
             Succumbed to a gnoll sergeant's poison
             ... on level 8 of the Dungeon.
             The game lasted 00:06:38 (7545 turns).

kae the Mimic (Red Draconian Shapeshifter)          Turns: 7545, Time: 00:06:39

Health: -1/68      AC:  7    Str: 16 (18) XL:     9   Next: 96%
Magic:  4/9        EV: 12    Int:  7 (9)  God:
Gold:   291        SH:  0    Dex: 13 (15) Spells: 8/8 levels left

rFire   + .          .
                       - Unarmed
rCold   . . .        (shield currently unavailable)
rNeg    + . .        (body armour unavailable)
rPois   .            (helmet restricted)
rElec   .            (no cloak)
rCorr   .            (gloves currently unavailable)
SInv    .            (no boots)
Will    .....        G - amulet of guardian spirit
Stlth   +            L - ring of flight
HPRegen 0.31/turn    N - ring of positive energy
MPRegen 0.11/turn

%: guardian spirit
@: lethally poisoned (-1 -> -36), blade hands, flying, studying Long Blades
A: breathe fire, AC +7, unfitting armour, fire resistance 1, cold-blooded
a: Breathe Fire, Begin Untransformation


You were on level 8 of the Dungeon.
You had blades for hands.
You visited 2 branches of the dungeon, and saw 9 of its levels.

You collected 447 gold pieces.
You spent 156 gold pieces at shops.


Innate Abilities, Weirdness & Mutations

You have blades for hands.
Your spellcasting is less reliable in this form.
You are incapable of wielding weapons or throwing items.
You can breathe blasts of fire.
Your fiery red scales are hard. (AC +7)
You cannot fit into any form of body armour.
Your flesh is heat resistant. (rF+)
You are cold-blooded and may be slowed by cold attacks.


   Skills:
 + Level 2.3 Fighting
 + Level 2.4 Dodging
 * Level 8.8 Unarmed Combat
 * Level 10.1 Shapeshifting


You had 8 spell levels left.
You didn't know any spells.
Your spell library contained the following spells:

 Spells                   Type           Power      Damage    Failure   Level
 Sandblast                Erth           0%         2d4       83%         1
 Slow                     Hex            0%         N/A       83%         1
 Ensorcelled Hibernation  Hex/Ice        0%         N/A       90%         2
 Passwall                 Tmut/Erth      0%         N/A       90%         2
 Sublimation of Blood     Necr           0%         N/A       90%         2
 Confusing Touch          Hex            0%         N/A       98%         3
 Gell's Gravitas          Tloc           0%         N/A       98%         3
 Stone Arrow              Conj/Erth      0%         3d7       98%         3
 Teleport Other           Tloc           0%         N/A       98%         3
 Vampiric Draining        Necr           0%         2d6       98%         3
 Anguish                  Hex/Necr       0%         N/A       100%        4
 Animate Dead             Necr           0%         N/A       100%        4
 Petrify                  Tmut/Erth      0%         N/A       100%        4
 Irradiate                Conj/Tmut      0%         3d11      100%        5
 Dispersal                Tloc           0%         N/A       100%        6
 Haunt                    Necr/Summ      0%         N/A       100%        7
 Infestation              Necr           0%         N/A       100%        8

Inventory:

Missiles
 e - 43 stones
 i - 14 poisoned darts
 o - 8 atropa-tipped darts
 u - a throwing net {=f!f}
 w - 4 boomerangs
Magical Staves
 g - a staff of fire {!a}
   (You found it on level 2 of the Dungeon)
Jewellery
 d - a +6 ring of dexterity
   (You found it on level 6 of the Dungeon)
 F - a ring of protection from fire
   (You found it on level 3 of the Dungeon)
 G - an amulet of guardian spirit (around neck)
   (You found it on level 1 of the Dungeon)
 L - a ring of flight (left blade hand)
   (You found it on level 1 of the Dungeon)
 N - a ring of positive energy (right blade hand)
   (You found it on level 2 of the Dungeon)
Talismans
 b - a beast talisman
 n - a blade talisman (active)
   (You found it on level 2 of the Dungeon)
Wands
 z - a wand of polymorph (9)
   (You took it off Ijyb on level 5 of the Dungeon)
Scrolls
 h - a scroll of amnesia {unknown}
 k - 3 scrolls of teleportation {unknown}
 m - a scroll of brand weapon {unknown}
 p - a scroll of fear
 v - a scroll of revelation {unknown}
 y - a scroll of enchant armour {unknown}
 A - a scroll of fog {unknown}
 B - 2 scrolls of vulnerability {unknown}
 C - 2 scrolls of immolation {unknown}
Potions
 a - 3 potions of lignification {!q}
 f - 2 potions of brilliance {unknown}
 j - 2 potions of resistance
 l - a potion of berserk rage {unknown}
 q - a potion of might {unknown}
 r - 4 potions of curing {unknown}
 s - a potion of enlightenment
 t - 3 potions of degeneration {!q}
 x - a potion of mutation {unknown}
 D - a potion of magic
 E - 2 potions of haste {unknown}

Dungeon Overview and Level Annotations

Branches:
Dungeon (8/15) Zot: 26749  Temple (1/1) D:6 Zot: 5988
   Lair: D:8-11

Altars:
Ashenzari
Cheibriados
Dithmenos
Elyvilon
Fedhas
Gozag
Hepliaklqana
Kikubaaqudgha
Nemelex Xobeh
Okawaru
Sif Muna
Trog
Uskayaw
Vehumet
Wu Jian
Xom
Yredelemnul
The Shining One

Shops:
D:3 :*   D:5 (   D:6 =((*

Annotations:
D:3 1 runed translucent door, Tenar's ghost, amateur BaEE

#########
#.......##
.........##
..........##
...........## #
......).....##.###
................>.
..............##
...<..)@..<)...#
...............#
#............###
##.../....<###
#.......###
##.....## ###..##
..#


There were no monsters in sight!


Message History

You feel sick. 😱 HP[-1] MP[+1]
You take 1 damage, and now have 5/68 hp.
You start resting.
* * * LOW HITPOINT WARNING * * *
You feel sick. 😱 HP[-1]
You take 1 damage, and now have 4/68 hp.
You start resting.
* * * LOW HITPOINT WARNING * * *
You feel sick. 😱 HP[-1]
You take 1 damage, and now have 3/68 hp.
* * * LOW HITPOINT WARNING * * *
You feel sick.
* * * LOW HITPOINT WARNING * * *
You feel sick.
* * * LOW HITPOINT WARNING * * *
You feel sick.
You are no longer poisoned.
You have got your breath back.
Key pressed, stopping explore.
Done exploring.
Unknown command. 😕 HP[+54] MP[+2]
You regained 54 hp, and now have 57/68 hp.
Your mp is fully restored (9).
Done exploring.
Done exploring.
Done exploring.
You start resting. 😎 HP[+11]
Your hp is fully restored (68).
You fly downwards.
The gnoll hits you with a +0 flail. The gnoll barely misses you.
There is a stone staircase leading up here. 😕 HP[-3] MP[-1]
You take 3 damage, and now have 65/68 hp.
You lost 1 mp, and now have 8/9 mp.
You closely miss the gnoll. You closely miss the gnoll.
The gnoll hits you but does no damage.
You slice the gnoll!!
You kill the gnoll! 😕 HP[+1]
The gnoll sergeant closely misses you.
You closely miss the gnoll sergeant. You tail-slap the gnoll sergeant.
The gnoll sergeant hits you with a +3 spear of venom!
You hit the gnoll sergeant.
The gnoll sergeant hits you with a +3 spear of venom!
You are poisoned. 😮 HP[-15] MP[-2]
You take 15 damage, and now have 51/68 hp.
MASSIVE DAMAGE!! (PAUSE)
You lost 2 mp, and now have 6/9 mp.
You hit the gnoll sergeant.
You feel very sick. 😮 HP[-4]
You take 4 damage, and now have 47/68 hp.
You barely miss the gnoll sergeant.
You feel sick.
The gnoll sergeant hits you with a +3 spear of venom.
You are more poisoned. 😮 HP[-3] MP[+1]
You take 3 damage, and now have 44/68 hp.
You barely miss the gnoll sergeant.
You tail-slap the gnoll sergeant, but do no damage.
You feel very sick.
The gnoll sergeant hits you with a +3 spear of venom.
You are more poisoned. 😮 HP[-7] MP[-1]
You take 7 damage, and now have 37/68 hp.
You lost 1 mp, and now have 6/9 mp.
You slash the gnoll sergeant!
You feel very sick.
The gnoll sergeant hits you with a +3 spear of venom!
* * * LOW HITPOINT WARNING * * *
You are lethally poisoned! 😨 HP[-9] MP[-1]
You take 9 damage, and now have 28/68 hp.
You lost 1 mp, and now have 5/9 mp.
You hit the gnoll sergeant.
* * * LOW HITPOINT WARNING * * *
You feel extremely sick.
The gnoll sergeant hits you with a +3 spear of venom!
* * * LOW HITPOINT WARNING * * *
You are more poisoned. 😱 HP[-14] MP[-1]
You take 14 damage, and now have 14/68 hp.
MASSIVE DAMAGE!! (PAUSE)
You lost 1 mp, and now have 4/9 mp.
You slash the gnoll sergeant!
You kill the gnoll sergeant!
* * * LOW HITPOINT WARNING * * *
You feel extremely sick. 😱 HP[-8]
You take 8 damage, and now have 6/68 hp.
There is a lethal amount of poison in your body!
It was a potion of degeneration.
There was something very wrong with that liquid.
You feel weakened.
You feel dopey.
You feel clumsy.
You die...

Skill      XL: |  1  2  3  4  5  6  7  8  9 |
---------------+----------------------------+-----
Dodging        | 2 |  2.4
Fighting       | 2 |  2.3
Shapeshifting  | 4 5 7 8 10 | 10.1
Unarmed Combat | 4 5 6 7 8 |  8.8

Action                     |  1- 3 |  4- 6 |  7- 9 || total
---------------------------+-------+-------+-------++-------
  Melee: Unarmed           |   108 |   150 |   229 ||   487
         Tailslap          |    11 |    15 |    31 ||    57
         Punch             |     4 |       |     5 ||     9
Ability: Breathe Fire      |       |       |     6 ||     6
    Use: Scroll            |     2 |       |     3 ||     5
         Potion            |       |       |     1 ||     1
   Stab: Sleeping          |       |     2 |       ||     2
 Armour: Skin              |    29 |    55 |    59 ||   143
  Dodge: Dodged            |    75 |    91 |   130 ||   296
   Form: Blade             |       |     1 |       ||     1

Levels and vault maps discovered:
D:1:      amcnicky_arrival_underground_garden, layout_loops_ring,
          chequers_ecumenical_altar_island
D:2:      layout_rooms, kennysheep_generic_room_16
D:3:      layout_basic, hellmonk_ghost_happy_afterlife, serial_shops, shop,
          shop, corexii_item_surrounded_by_moat
D:4:      layout_basic, lightli_temple_of_fire,
          mainiacjoe_overflow_small_starburst
D:5:      layout_gridville, serial_shops, nicolae_shop_bloodbath_and_beyond,
          uniq_ijyb
D:6:      layout_cave_pools, marbit_many_paths, kiku_gazebo_garden_becter,
          minmay_temple_entry_statues_fountains, serial_shops,
          nicolae_shop_real_fake_doors,
          nicolae_shop_temple_entry_statues_fountains, shop,
          nicolae_shop_rolling_square, chequers_serial_rivers_large_b,
          minmay_fractal_squares_5, uniq_maggie, uniq_menkaure
D:7:      layout_basic, lemuel_crystal_altar, nemelex_xobeh_ov_fountains_minmay,
          minmay_manual_mail
D:8:      layout_cave_pods, lemuel_crystal_altar, serial_shops, shop,
          uniq_prince_ribbit1
Temple:   nicolae_temple_ecumenical_triangle

Notes
Turn   | Place    | Note
-------+----------+-------------------------------------------
     0 | D:1      | kae the Draconian Shapeshifter began the quest for the Orb.
     0 | D:1      | Reached XP level 1. HP: 16/16 MP: 1/1
     0 | D:1      | magus.rc [v1.11.3]
   149 | D:1      | Found a faded altar of an unknown god.
   159 | D:1      | HP: 3/16 [ball python (3)]
   161 | D:1      | Reached XP level 2. HP: 5/23 MP: 2/2
   168 | D:1      | Reached skill level 2 in Dodging
   682 | D:1      | Reached XP level 3. HP: 29/29 MP: 3/3
   978 | D:2      | You pick up a book of Geomancy and begin reading...
   978 | D:2      | You add the spells Sandblast, Passwall and Stone Arrow to
                  | your library.
  1018 | D:2      | You add the spells Gell's Gravitas, Teleport Other and
                  | Dispersal to your library.
  1056 | D:2      | Reached skill level 2 in Fighting
  1071 | D:2      | Reached XP level 4. HP: 29/36 MP: 1/4
  1115 | D:2      | Identified the +2 dagger of the Abyss {heavy, Will+ Int-2
                  | Stlth+}
  1643 | D:3      | Reached skill level 4 in Shapeshifting
  1656 | D:3      | Found Leym's General Store.
  1661 | D:3      | Bought a scroll of fear for 44 gold pieces
  1703 | D:3      | Reached XP level 5. HP: 14/41 MP: 2/5
  1706 | D:3      | HP: 4/21 [orc/+0 club (4)]
  1942 | D:3      | Noticed Tenar's ghost (amateur BaEE)
  1943 | D:3      | Found a runed translucent door.
  1952 | D:3      | Noticed an ice beast
  1961 | D:3      | Killed an ice beast
  1962 | D:3      | Reached skill level 4 in Unarmed Combat
  2267 | D:3      | Found Pasir's Book Boutique.
  2559 | D:4      | You pick up a book of Debilitation and begin reading...
  2559 | D:4      | You add the spells Slow, Vampiric Draining and Confusing
                  | Touch to your library.
  2851 | D:5      | Entered Level 5 of the Dungeon
  2955 | D:4      | Reached XP level 6. HP: 19/48 MP: 3/6
  3013 | D:4      | Reached skill level 5 in Shapeshifting
  3062 | D:4      | Found a blossoming altar of Fedhas.
  3245 | D:4      | You are sucked into a shaft and drop 1 floor!
  3369 | D:5      | Found Hybog's Weapon Shoppe.
  3538 | D:5      | Reached skill level 5 in Unarmed Combat
  3538 | D:5      | Your scales start taking on a fiery red colour.
  3538 | D:5      | Reached XP level 7. HP: 26/55 MP: 5/7
  3538 | D:5      | Gained mutation: Your flesh is heat resistant. (rF+) [Red
                  | Draconian growth]
  3668 | D:5      | Noticed Ijyb
  3676 | D:5      | Killed Ijyb
  3805 | D:5      | Reached skill level 6 in Shapeshifting
  4038 | D:5      | You pick up a book of Alchemy and begin reading...
  4038 | D:5      | You add the spells Sublimation of Blood, Petrify and
                  | Irradiate to your library.
  4234 | D:4      | Found a bloodstained altar of Trog.
  4461 | D:6      | Noticed Maggie
  4522 | D:6      | Killed Maggie
  4523 | D:6      | Reached skill level 6 in Unarmed Combat
  4523 | D:6      | Reached skill level 7 in Shapeshifting
  4523 | D:6      | Reached XP level 8. HP: 28/61 MP: 3/8
  4645 | D:6      | Reached skill level 8 in Shapeshifting
  4652 | D:6      | Reached skill level 7 in Unarmed Combat
  4815 | D:6      | Found a staircase to the Ecumenical Temple.
  4912 | D:6      | You pick up a book of Death and begin reading...
  4912 | D:6      | You add the spells Animate Dead, Haunt and Infestation to
                  | your library.
  4941 | D:6      | Noticed Menkaure
  5109 | Temple   | Entered the Ecumenical Temple
  5241 | D:6      | Found Suluim's Weapon Boutique.
  5279 | D:6      | Found Ocroden's Weapon Emporium.
  5299 | D:6      | Killed Menkaure
  5300 | D:6      | Reached XP level 9. HP: 37/67 MP: 5/9
  5393 | D:6      | Found an ancient bone altar of Kikubaaqudgha.
  5439 | D:6      | Found Raebluczi's Jewellery Boutique.
  5635 | D:6      | Found a broken altar of Ashenzari.
  5753 | D:6      | Found Hapeisaw's Assorted Antiques.
  5761 | D:6      | Bought 2 fuming ruby potions for 45 gold pieces
  5761 | D:6      | Bought 2 viscous purple potions for 45 gold pieces
  5761 | D:6      | Bought an orange potion for 22 gold pieces
  5855 | D:6      | HP: 16/66 [something (1)]
  5860 | D:6      | HP: 13/66 [something (1)]
  6063 | D:6      | Reached skill level 9 in Shapeshifting
  6313 | D:7      | Found an opulent altar of Gozag.
  6354 | D:7      | You pick up a book of Dreams and begin reading...
  6354 | D:7      | You add the spells Ensorcelled Hibernation and Anguish to
                  | your library.
  6429 | D:7      | Reached skill level 8 in Unarmed Combat
  6451 | D:7      | Noticed a troll
  6459 | D:7      | HP: 16/67 [troll (2)]
  6648 | D:7      | Killed a troll
  6849 | D:7      | Reached skill level 10 in Shapeshifting
  7120 | D:7      | Found a sparkling altar of Nemelex Xobeh.
  7303 | D:8      | HP: 13/67 [poisoned by a gnoll sergeant]
  7306 | D:7      | HP: 6/67 [poisoned by a gnoll sergeant]
  7310 | D:7      | HP: 2/68 [poisoned by a gnoll sergeant]
  7543 | D:8      | HP: 14/68 [gnoll sergeant/+3 spear of venom (7)]
  7544 | D:8      | HP: 6/68 [poisoned by a gnoll sergeant]
  7545 | D:8      | Succumbed to a gnoll sergeant's poison

Vanquished Creatures
  Maggie (D:6)
  A troll (D:7)
  A slime creature (D:7)
  2 steam dragons
  Menkaure (D:6)
  2 water moccasins
  2 orc warriors
  A black bear (D:6)
  4 sky beasts
  3 ice beasts
  An ogre (D:6)
  A centaur (D:6)
  A phantom (D:4)
  A bullfrog (D:6)
  A gnoll sergeant (D:8)
  5 scorpions
  A howler monkey (D:4)
  A gnoll bouda (D:7)
  7 hounds
  2 orc priests (D:7)
  4 jellies
  2 sleepcaps
  2 orc wizards
  Ijyb (D:5)
  5 iguanas
  13 adders
  12 gnolls
  3 white imps
  A worm (D:2)
  8 dart slugs
  20 orcs
  7 ball pythons
  9 bats
  4 endoplasms
  4 giant cockroaches
  10 goblins
  7 hobgoblins
  5 jackals
  4 quokkas
  4 frilled lizards
  5 kobolds
  A rat (D:3)
170 creatures vanquished.

Table legend:
 A = Non-vault XP
 B = Vault XP
 C = Vault XP percentage of total XP
 D = Non-vault monster count
 E = Vault monster count
 F = Vault count percentage of total count
                 A         B        C        D         E       F
            +---------+---------+-------+---------+---------+-------
      Total |    3205 |    2216 |  40.9 |     149 |      21 |  12.4
            +---------+---------+-------+---------+---------+-------
        D:1 |      41 |       0 |   0.0 |      23 |       0 |   0.0
        D:2 |      70 |       4 |   5.4 |      20 |       2 |   9.1
        D:3 |     238 |       0 |   0.0 |      28 |       0 |   0.0
        D:4 |     262 |       0 |   0.0 |      19 |       0 |   0.0
        D:5 |     731 |      35 |   4.6 |      17 |       1 |   5.6
        D:6 |     785 |    1182 |  60.1 |      17 |       9 |  34.6
        D:7 |     962 |     995 |  50.8 |      22 |       9 |  29.0
        D:8 |     116 |       0 |   0.0 |       3 |       0 |   0.0
            +---------+---------+-------+---------+---------+-------

Skill      XL: |  1  2  3  4  5  6  7  8  9 |
---------------+----------------------------+-----
Dodging        | 2 |  2.4
Fighting       | 2 |  2.3
Shapeshifting  | 4 5 7 8 10 | 10.1
Unarmed Combat | 4 5 6 7 8 |  8.8

Action                     |  1- 3 |  4- 6 |  7- 9 || total
---------------------------+-------+-------+-------++-------
  Melee: Unarmed           |   108 |   150 |   229 ||   487
         Tailslap          |    11 |    15 |    31 ||    57
         Punch             |     4 |       |     5 ||     9
Ability: Breathe Fire      |       |       |     6 ||     6
    Use: Scroll            |     2 |       |     3 ||     5
         Potion            |       |       |     1 ||     1
   Stab: Sleeping          |       |     2 |       ||     2
 Armour: Skin              |    29 |    55 |    59 ||   143
  Dodge: Dodged            |    75 |    91 |   130 ||   296
   Form: Blade             |       |     1 |       ||     1

Illustrated notes

Table legend:
 A = Kills in this place as a percentage of kills in the entire game.
 B = Kills by you in this place as a percentage of kills by you in the entire game.
 C = Kills by friends in this place as a percentage of kills by friends in the entire game.
 D = Other kills in this place as a percentage of other kills in the entire game.
 E = Experience gained in this place as a percentage of experience gained in the entire game.
 F = Experience gained in this place divided by the number of levels of this place that you have seen.
                   A       B       C       D       E      F
               +-------+-------+-------+-------+-------+----------------------
         Total | 100.0 | 100.0 |   N/A |   N/A | 100.0 | 602.3
       Dungeon | 100.0 | 100.0 |   N/A |   N/A | 100.0 | 677.6
               +-------+-------+-------+-------+-------+----------------------

Table legend: (Time is in decaauts)
 A = Elapsed time spent in this place.
 B = Non-inter-level travel time spent in this place.
 C = Inter-level travel time spent in this place.
 D = Time resting spent in this place.
 E = Time spent auto-exploring this place.
 F = Levels seen in this place.
 G = Mean time per level.
                   A        B        C        D        E       F      G
               +--------+--------+--------+--------+--------+-----+--------+
         Total |   7508 |   7157 |    351 |   1065 |   4978 |   9 |  834.2 |
       Dungeon |   7496 |   7148 |    348 |   1065 |   4978 |   8 |  937.0 |
        Temple |     11 |      9 |      2 |      0 |      0 |   1 |   11.0 |
               +--------+--------+--------+--------+--------+-----+--------+

Top non-repeatable levels by time:
     D:6: 1573 daAuts
     D:5: 1284 daAuts
     D:3: 1271 daAuts
     D:7: 1170 daAuts
     D:4: 847 daAuts
     D:1: 796 daAuts
     D:2: 527 daAuts
     D:8: 24 daAuts
  Temple: 11 daAuts
